 Dungeon Crawl Stone Soup version 0.22-a0-389-g8519d86 (webtiles) character file.

23 Kairos the Shield-Bearer (level 3, 20/20 HPs)
             Began as a Vine Stalker Fighter on Apr 30, 2018.
             Quit the game on level 1 of the Dungeon.
             The game lasted 00:00:45 (340 turns).

Kairos the Shield-Bearer (Vine Stalker Fighter)      Turns: 340, Time: 00:00:46

Health: 20/20      AC:  6    Str: 19    XL:     3   Next: 0%
Magic:  4/4        EV:  7    Int:  8    God:
Gold:   29         SH:  9    Dex: 13    Spells: 2/2 levels left

rFire    . . .     SeeInvis .   j - -2 hunting sling (curse)
rCold    . . .     Gourm    .   c - +0 shield
rNeg     . . .     Faith    .   b - +0 scale mail
rPois    .         Spirit   +   (no helmet)
rElec    .         Reflect  .   (no cloak)
rCorr    .         Harm     .   (no gloves)
MR       .....                  (no boots)
Stlth    ..........             e - amulet of inaccuracy (curse)
HPRegen  0.06/turn              (no ring)
MPRegen  0.09/turn              (no ring)

@: no status effects
A: fangs 2, magic shield, antimagic bite, no potion heal 3, rot immunity
a: no special abilities


You were on level 1 of the Dungeon.
You were not hungry.

You visited 1 branch of the dungeon, and saw 1 of its levels.

You collected 29 gold pieces.

Inventory:

Hand Weapons
 a - a +0 war axe
 j - a cursed -2 hunting sling (weapon)
Armour
 b - a +0 scale mail (worn)
 c - a +0 shield (worn)
Jewellery
 e - a cursed amulet of inaccuracy (around neck)
Scrolls
 g - a scroll of teleportation {unknown}
 k - 2 scrolls of identify {unknown}
Potions
 d - 3 potions of might
 h - a potion of curing {unknown}
 i - a potion of mutation {unknown}
Comestibles
 f - a ration


   Skills:
 + Level 3.0 Fighting
 + Level 1.9 Axes
 + Level 2.7 Armour
 + Level 3.0 Shields


You had 2 spell levels left.
You didn't know any spells.

Dungeon Overview and Level Annotations

Branches:
Dungeon (1/15)

Altars:


Innate Abilities, Weirdness & Mutations

You have extremely sharp teeth.
When hurt, damage is shared between your health and your magic reserves.
Your bite disrupts and absorbs the magic of your enemies.
Potions cannot restore your health.
You are immune to rotting.


Message History

Firing (i - inventory) No suitable missiles.
Press: ? - help, Shift-Dir - straight line, f/p - bat
Aim: a bat
Okay, then.
Firing (i - inventory) No suitable missiles.
Press: ? - help, Shift-Dir - straight line, f/p - bat
Aim: a bat
Okay, then.
Firing (i - inventory) No suitable missiles.
Press: ? - help, Shift-Dir - straight line, f/p - bat
Aim: a bat
Okay, then.
Firing (i - inventory) No suitable missiles.
Press: ? - help, Shift-Dir - straight line, f/p - bat
Aim: a bat
Okay, then.
A bat is nearby!
A bat is nearby!
Unknown command.
Are you sure you want to abandon this character and quit the game? (Confirm with "yes".)

#..###.# #.# #.#
####.## #.# #.#
#.# .....# #.#
#.# #.# ######
#.# #.# #.# #.#
#.# #.# #.. #.#
#.# ### # #.#
#.#
#####.########.#
#.#
#.....b@.......#
#.#
..>##.##########
#.# .. #.# #.
..# #.# .... #.#
#.# #.# #.# #.#
#.# #.# #.# #.#


You could see a bat.

Vanquished Creatures
  A gnoll (D:1)
  A leopard gecko (D:1)
  3 bats (D:1)
  A giant cockroach (D:1)
  2 goblins (D:1)
  2 frilled lizards (D:1)
  4 rats (D:1)
14 creatures vanquished.

Notes
Turn   | Place    | Note
-------+----------+-------------------------------------------
     0 | D:1      | Kairos the Vine Stalker Fighter began the quest for the Orb.
     0 | D:1      | Reached XP level 1. HP: 11/11 MP: 2/2
    90 | D:1      | Reached XP level 2. HP: 15/16 MP: 3/3
   283 | D:1      | Reached XP level 3. HP: 20/20 MP: 4/4
   340 | D:1      | Quit the game

Vault maps used:
D:1:      shiori_arrival_elements

Skill      XL: |  1  2 |
---------------+-------+-----
Shields        | 3 |  3.0
Fighting       | 3 |  3.0
Axes           | |  1.9
Armour         | |  2.7

Action                   || total
-------------------------++-------
Melee: War axe           ||    38
       Bite              ||     5
Armor: Scale mail        ||    27
Dodge: Dodged            ||    18
Block: Shield            ||    27

Table legend:
 A = Spawn XP
 B = Non-spawn XP
 C = Spawn XP percentage of total XP
 D = Spawn monster count
 E = Non-spawn monster count
 F = Spawn count percentage of total count
 G = Total turns spent on level
                    A         B        C        D         E        F      G
               +---------+---------+-------+---------+---------+-------+---------
         Total |       0 |      34 |   0.0 |       0 |      14 |   0.0 |   340
               +---------+---------+-------+---------+---------+-------+---------
           D:1 |       0 |      34 |   0.0 |       0 |      14 |   0.0 |   340
               +---------+---------+-------+---------+---------+-------+---------
